 Dungeon Crawl Stone Soup version 0.29.1-1-gd02db6906a (webtiles) character file.

Game seed: 6722802407826727031

40 gzilladon the Chopper (level 3, 0/34 HPs)
             Began as a Hill Orc Monk on Sept 26, 2022.
             Slain by a gnoll
             ... wielding a +0 whip
              (6 damage)
             ... on level 2 of the Dungeon.
             The game lasted 00:01:20 (490 turns).

gzilladon the Chopper (Hill Orc Monk)                Turns: 490, Time: 00:01:21

Health: 0/34       AC:  6    Str: 15    XL:     3   Next: 50%
Magic:  3/3        EV: 11    Int: 10    God:
Gold:   12         SH:  5    Dex: 13    Spells: 2/2 levels left

rFire   . . .      SeeInvis .   a - +0 hand axe
rCold   . . .      Faith    .   i - +2 buckler {AC+3}
rNeg    . . .      Spirit   .   g - +0 leather armour
rPois   .          Reflect  .   (no helmet)
rElec   .          Harm     .   (no cloak)
rCorr   .          Rampage  .   (no gloves)
Will    .....                   (no boots)
Stlth   ++........              (no amulet)
HPRegen 0.11/turn               (no ring)
MPRegen 0.08/turn               (no ring)

@: no status effects
A: no striking features
a: no special abilities


You were on level 2 of the Dungeon.
You visited 1 branch of the dungeon, and saw 2 of its levels.

You collected 12 gold pieces.

Inventory:

Hand Weapons
 a - a +0 hand axe (weapon)
Missiles
 d - 6 stones (quivered)
 f - 2 javelins
Armour
 b - a +0 robe
 g - a +0 leather armour (worn)
 i - a +2 buckler of protection (worn)
Scrolls
 h - a scroll of identify {unknown}
Potions
 e - a potion of haste {unknown}


   Skills:
 * Level 4.3 Fighting
 + Level 4.7 Axes
 + Level 0.4 Armour
 + Level 2.7 Dodging
 - Level 1.5 Stealth
 + Level 0.1 Shields


You had 2 spell levels left.
You didn't know any spells.
Your spell library was empty.

Dungeon Overview and Level Annotations

Branches:
Dungeon (2/15)

Altars:


Message History

Things that are here:
a +0 club; a +0 flail You hit the gnoll but do no damage.
The gnoll is lightly wounded.
The gnoll hits you with a +0 whip.
* * * LOW HITPOINT WARNING * * *
You are confused.
You feel invigorated. The gnoll hits you with a +0 whip.
* * * LOW HITPOINT WARNING * * *
The gnoll closely misses you.
You feel less invigorated.
You feel less confused. The gnoll hits you but does no damage.
Things that are here:
a +0 club; a +0 flail You hit the gnoll but do no damage.
The gnoll is lightly wounded.
A goblin comes into view. It is wielding a +0 dagger.
You block the gnoll's attack.
The goblin shouts!
You hit the gnoll.
The gnoll is moderately wounded.
You hear a shout!
You block the gnoll's attack.
You closely miss the gnoll.
The gnoll is moderately wounded.
The gnoll closely misses you.
You barely miss the gnoll.
The gnoll is moderately wounded.
The gnoll hits you with a +0 whip.
* * * LOW HITPOINT WARNING * * *
You barely miss the gnoll.
The gnoll is moderately wounded.
A gnoll comes into view. It is wielding a +0 spear.
The gnoll hits you with a +0 whip.
* * * LOW HITPOINT WARNING * * *
You hit the gnoll.
The gnoll is severely wounded.
The gnoll hits you with a +0 whip.
You die...

#. #.##.# .#.
##.##.##.###...
#............^
###............ #
#...........# ...
#........# #..#
#.).g..##....##
#...#)g..<...)...
#g..g###.@..##.#..##
#### #....# #
#........ #.#....)..
............
.............
..........!..
.........!....


You could see a gnoll and a goblin.

Vanquished Creatures
  3 gnolls (D:2)
  An endoplasm (D:1)
  A giant cockroach (D:1)
  A hobgoblin (D:1)
  4 jackals (D:1)
  A ball python (D:1)
11 creatures vanquished.

Notes
Turn   | Place    | Note
-------+----------+-------------------------------------------
     0 | D:1      | gzilladon the Hill Orc Monk began the quest for the Orb.
     0 | D:1      | Reached XP level 1. HP: 19/19 MP: 1/1
   357 | D:1      | Reached XP level 2. HP: 18/27 MP: 2/2
   479 | D:2      | Reached XP level 3. HP: 10/33 MP: 3/3
   481 | D:2      | HP: 1/34 [gnoll/+0 whip (5)]
   490 | D:2      | Slain by a gnoll

Illustrated notes

Levels and vault maps discovered:
D:1:      matt_arrival_refuge, layout_basic,
          shapermc_ecumenical_altar_mp_ritualfount
D:2:      layout_rooms, basic_altar, minmay_circle_x

Skill      XL: |  1  2 |
---------------+-------+-----
Fighting       | 4 |  4.3
Axes           | |  4.7
Armour         | |  0.4
Dodging        | |  2.7
Stealth        | |  1.5
Shields        | |  0.1

Action                   || total
-------------------------++-------
Melee: Hand axe          ||    39
  Use: Potion            ||     1
Armor: Leather armour    ||    13
       Robe              ||     1
Dodge: Dodged            ||    39
Block: Buckler           ||    11
